 Dungeon Crawl Stone Soup version 0.19-a0-1692-g68728bb (webtiles) character file.

268874 Hennin the Executioner (level 19, -2/172 HPs)
             Began as a Minotaur Fighter on Sept 25, 2016.
             Was the Champion of Okawaru.
             Killed by the raging water
             ... invoked by a water nymph
              (11 damage)
             ... on level 4 of the Shoals on Sept 26, 2016.
             The game lasted 02:23:04 (46769 turns).

Hennin the Executioner (Minotaur Fighter)          Turns: 46769, Time: 02:23:05

Health: -2/172     AC: 26    Str: 30    XL:     19   Next: 77%
Magic:  31/31      EV: 20    Int:  8    God:    Okawaru [******]
Gold:   1888       SH: 15    Dex: 13    Spells: 5 memorised, 17 levels left

rFire  + + .     SeeInvis .     I - +4 broad axe (elec)
rCold  . . .     Gourm    .     k - +1 shadow dragon armour
rNeg   . . .     Faith    .     N - +2 buckler of the Pits of Slime {rElec MR+ rCorr}
rPois  +         Spirit   .     V - +0 hat "Huozue" {rC- MR++ Regen+ Dex-4}
rElec  +         Dismiss  .     K - +0 cloak of Experimentation {-Cast rF+ Int+3 Stlth+}
rCorr  +         Reflect  +     O - +0 pair of gloves {Str+3}
MR     +++++     Harm     .     s - +0 pair of boots
Stlth  ++........ NoCast   +    p - amulet "Qioph" {Reflect *Contam MR++ Dex+5 SH+5}
                                B - ring of poison resistance
                                x - ring "Leuff" {rF+ EV+3}

@: very slightly contaminated, hasted, studying Axes, very quick
A: retaliatory headbutt, horns 2, thin metallic scales 1, cold resistance 1
a: Heroism, Finesse, Renounce Religion
}: 1/15 runes: serpentine


You were on level 4 of the Shoals.
You worshipped Okawaru.
Okawaru was exalted by your worship.
You were not hungry.

You visited 8 branches of the dungeon, and saw 36 of its levels.
You also visited: Labyrinth, Ossuary and Ice Cave.

You collected 3921 gold pieces.
You spent 2033 gold pieces at shops.

Inventory:

Hand Weapons
 C - the +9 war axe of Qomouw {flame, rF+ MR+}
   (Okawaru gifted it to you on level 1 of the Snake Pit)

   It has been specially enchanted to burn those struck by it, causing extra
   injury to most foes and up to half again as much damage against particularly
   susceptible opponents.
   Big, fiery blades are also staple armaments of hydra-hunters.
   It protects you from fire.
   It affects your resistance to hostile enchantments.
 I - a +4 broad axe of electrocution (weapon)
Armour
 e - a +2 cloak of invisibility
 k - a +1 shadow dragon armour (worn)
 s - a +0 pair of boots (worn)
 K - the +0 cloak of Experimentation (worn) {-Cast rF+ Int+3 Stlth+}
   (Okawaru gifted it to you on level 2 of the Elven Halls)

   It affects your intelligence (+3).
   It protects you from fire.
   It prevents spellcasting.
   It makes you more stealthy.
 N - the +2 buckler of the Pits of Slime (worn) {rElec MR+ rCorr}
   (You found it on level 2 of the Shoals)

   It insulates you from electricity.
   It affects your resistance to hostile enchantments.
   It protects you from acid and corrosion.
 O - a +0 pair of gloves of strength (worn)
 V - the +0 hat "Huozue" (worn) {rC- MR++ Regen+ Dex-4}
   (You acquired it on level 12 of the Dungeon)

   It affects your dexterity (-4).
   It makes you vulnerable to cold.
   It affects your resistance to hostile enchantments.
   It increases your rate of regeneration.
Rods
 c - a +2 rod of shadows (10/14)
   (You found it on level 3 of the Snake Pit)
Jewellery
 p - the amulet "Qioph" (around neck) {Reflect *Contam MR++ Dex+5 SH+5}
   (You bought it in a shop on level 2 of the Orcish Mines)

   [amulet of reflection]

   It shields you and reflects attacks.
   It affects your dexterity (+5).
   It affects your resistance to hostile enchantments.
   It causes magical contamination when unequipped.
   It affects your SH (+5).
 u - a +6 ring of strength
 x - the ring "Leuff" (left hand) {rF+ EV+3}
   (You took it off a deep elf mage on level 3 of the Elven Halls)

   [ring of evasion]

   It affects your evasion (+3).
   It protects you from fire.
 B - a ring of poison resistance (right hand)
Wands
 g - a wand of teleportation (5/9)
 h - a wand of iceblast (9/15)
 l - a wand of digging (12/24)
 m - a wand of confusion (27/48)
 H - a wand of disintegration (13/24)
 L - a wand of iceblast (5/15)
 S - a wand of enslavement (17/24)
Scrolls
 b - 15 scrolls of remove curse
 j - 4 scrolls of magic mapping
 n - 12 scrolls of teleportation
 y - 2 scrolls of recharging
 F - 2 scrolls of silence
 G - 4 scrolls of fear
 R - 3 scrolls of fog
 W - 5 scrolls of blinking
Potions
 a - a potion of resistance
 d - 2 potions of cure mutation
 o - a potion of ambrosia
 r - a potion of magic
 t - 2 potions of curing
 v - 7 potions of flight
 w - 3 potions of cancellation
 M - 2 potions of brilliance
 Z - 2 potions of lignification
Books
 q - a manual of Axes
Comestibles
 f - 22 bread rations
 i - 3 chunks of flesh
 z - 2 slices of pizza
 E - 16 meat rations


   Skills:
 + Level 15.9 Fighting
 * Level 22.2 Axes
 + Level 15.8 Armour
 + Level 14.0 Dodging
 + Level 16.0 Shields
 + Level 9.9 Spellcasting
 - Level 10.0 Invocations


You had 17 spell levels left.
You knew the following spells:

 Your Spells              Type           Power        Failure   Level  Hunger
a - Necromutation         Tmut/Necr      #.........   100%        8    #######
b - Apportation           Tloc           #.........   63%         1    None
c - Regeneration          Chrm/Necr      #.........   99%         3    ###....
d - Mephitic Cloud        Conj/Pois/Air  #.......     99%         3    ###....
e - Irradiate             Conj/Tmut      #.........   100%        5    ######.


Dungeon Overview and Level Annotations

Branches:
Dungeon (15/15)            Temple (1/1) D:5            Lair (6/6) D:8
 Shoals (4/4) Lair:2        Snake (4/4) Lair:3        Slime (0/5) Lair:6
    Orc (2/2) D:12            Elf (3/3) Orc:2        Vaults (0/5) D:13
 Depths (1/5) D:15

Altars:
Ashenzari
Cheibriados
Dithmenos
Elyvilon
Fedhas
Gozag
Hepliaklqana
Kikubaaqudgha
Makhleb
Nemelex Xobeh
Okawaru
Qazlal
Ru
Sif Muna
Trog
Uskayaw
Vehumet
Xom
Yredelemnul
Zin
The Shining One

Shops:
D:6 !   D:13 (   Orc:1 (?   Orc:2 %!!=   Elf:2 :   Snake:3 ==

Annotations:
Shoals:4 Kirke, Nikola


Innate Abilities, Weirdness & Mutations

You reflexively headbutt those who attack you in melee.
You have a pair of horns on your head.
You are partially covered in thin metallic scales. (AC +2)
Your flesh is cold resistant. (rC+)


Message History

The merfolk impaler barely misses you. The merfolk misses you.
A water elemental comes into view.
The merfolk impaler barely misses you. The water nymph touches you.
The water nymph drowns you!
* * * LOW HITPOINT WARNING * * *
The water elemental misses you. The merfolk misses you.
The merfolk impaler completely misses you.
You block the water elemental's attack.
The merfolk impaler hits you but does no damage.
Nikola casts a spell.
Nikola blinks!
Things that are here:
a trident; a tomahawk The water nymph points at you and mumbles some strange words.
The water swirls and strikes you!
* * * LOW HITPOINT WARNING * * *
A water elemental comes into view.
The water nymph gestures at you while chanting.
The water swirls and strikes you!
You die...

,,,,,≈*****≈≈≈≈≈≈≈≈≈≈≈≈≈≈≈≈≈≈≈**,
.....≈≈≈≈≈≈≈≈≈≈≈≈≈≈≈≈≈≈≈≈≈≈≈≈.≈**
......≈≈≈≈≈≈≈≈≈≈≈≈≈≈≈≈≈≈≈≈≈....,,
.........≈E.≈≈≈≈≈≈≈≈≈≈≈≈≈≈≈....,,
..............≈≈≈≈≈≈≈≈≈≈≈≈.....,≈
.....≈........≈...≈≈≈≈≈≈≈≈.....≈≈
....⌠≈≈.≈.......#.E≈≈≈≈≈≈≈....≈≈≈
....)≈≈≈≈.........Emmh≈)≈≈≈..≈≈≈≈
....≈.≈≈......≈≈@≈)mm{≈†≈≈...≈≈≈≈
.....≈≈≈.....≈≈≈≈≈hhh≈≈≈≈≈.≈)≈≈≈≈
............(≈≈≈≈≈≈≈≈≈≈≈≈≈≈≈≈≈≈≈≈
..........(<≈≈≈≈≈≈≈≈h≈≈≈≈≈..≈≈≈≈≈
≈≈≈≈≈≈..)((≈≈≈≈≈≈≈≈≈≈≈≈≈≈≈≈.≈≈≈≈≈
≈≈≈≈≈≈≈≈≈≈≈(≈≈≈≈≈≈≈≈≈≈≈≈≈≈≈..≈≈≈≈
≈≈≈≈≈≈≈≈≈≈≈≈≈≈≈≈≈≈≈≈≈≈≈≈≈..≈≈≈≈≈≈
≈≈≈≈≈≈≈≈≈≈≈≈≈≈≈≈≈≈≈≈≈...#.###.≈≈≈
≈≈≈≈≈≈≈≈≈≈≈≈≈≈≈≈≈≈≈...###$# *..≈≈


You could see a merfolk impaler, 2 merfolk, 3 water elementals, a water nymph
and 5 hogs.

Vanquished Creatures
  4 deep elf blademasters
  Polyphemus (Shoals:3)
  Donald (Shoals:3)
  Roxanne (Snake:3)
  8 greater nagas
  9 deep elf sorcerers (Elf:3)
  An orc warlord (Orc:2)
  5 deep elf elementalists (Elf:3)
  The ghost of Hennin the Severer, a journeyman MiFi of Okawaru (Lair:6)
  6 deep elf demonologists (Elf:3)
  12 deep elf annihilators
  The ghost of Arkorax the Blocker, a journeyman FoFi of Hepliaklqana (IceCv)
  Snorg (Orc:1)
  A minotaur (Lab)
  5 deep elf death magi (Elf:3)
  6 deep elf high priests
  An ogre mage (D:15)
  3 merfolk impalers
  Fannar (Lair:2)
  Harold (D:11)
  17 naga warriors
  A hydra (Lair:6)
  8 vault guards (D:13)
  3 merfolk avatars
  2 catoblepae
  10 centaur warriors
  6 anacondas
  Erica (D:9)
  A satyr (Shoals:2)
  A deep troll shaman (Lair:6)
  The ghost of Hennin the Cleaver, a novice MiFi of Okawaru (D:9)
  14 death yaks
  3 tengu warriors
  5 orc high priests (Orc:2)
  5 shock serpents
  32 dancing weapons
  7 naga sharpshooters
  14 deep elf knights
  Nergalle (D:10)
  2 salamander mystics
  9 skeletal warriors
  5 unseen horrors
  5 sea snakes
  A wizard (D:13)
  6 deep elf archers
  7 hill giants
  7 orc knights
  6 naga ritualists
  A lindwurm (Lair:6)
  8 harpies (Shoals:2)
  6 manticores
  66 deep elf magi
  7 mana vipers
  11 ugly things
  3 cyclopes
  14 salamanders
  A cyclops (shapeshifter) (Elf:2)
  7 elephants
  Maurice (D:13)
  18 naga magi
  6 sirens
  2 ice statues (IceCv)
  23 black mambas
  4 guardian serpents
  2 water nymphs
  4 gargoyles
  A molten gargoyle (Lair:3)
  5 spiny frogs
  A torpor snail (Lair:5)
  A kobold demonologist (D:15)
  3 rime drakes
  An efreet (D:14)
  2 small abominations (Elf:3)
  7 komodo dragons
  A queen bee (D:15)
  8 wind drakes
  6 meliai
  5 trolls
  2 tengu conjurers
  10 blink frogs
  5 two-headed ogres
  4 polar bears (Lair:6)
  19 merfolk
  A minotaur skeleton (Lab)
  A slime creature (D:8)
  5 snapping turtles
  9 hippogriffs
  10 dream sheep
  An air elemental (Elf:2)
  A spriggan (D:8)
  3 fire elementals
  A shadow (D:14)
  7 water elementals
  3 wraiths
  5 wyverns
  A vampire (D:15)
  5 basilisks
  53 yaks
  A hog (Shoals:4)
  4 hungry ghosts (Lab)
  3 vampire mosquitoes (D:15)
  6 wargs
  A mottled dragon (D:14)
  A soldier ant (D:14)
  80 nagas
  6 water moccasins
  3 black bears
  7 porcupines
  4 sky beasts
  A phantom (D:11)
  3 wasps
  3 eyes of draining
  12 ice beasts
  50 orc warriors
  2 necrophages
  9 wolves
  15 ogres
  30 centaurs
  16 crocodiles
  18 bullfrogs
  Blork the orc (D:6)
  6 earth elementals
  3 scorpions
  28 killer bees
  A spriggan skeleton (Lab)
  10 wights
  3 electric eels
  A howler monkey (D:13)
  2 bullfrog zombies
  7 crimson imps
  4 centaur zombies
  11 hounds
  11 jellies
  A gnoll shaman (D:9)
  42 orc priests
  4 bullfrog skeletons
  3 centaur skeletons
  5 iguanas
  35 orc wizards
  15 worker ants
  3 hound skeletons
  A hound zombie (D:4)
  8 mummies (Ossuary)
  A howler monkey zombie (D:11)
  3 worker ant zombies
  19 adders
  4 gnolls (D:9)
  9 river rats (Lair:5)
  6 shadow imps
  12 oozes
  A worm zombie (D:7)
  4 adder zombies
  2 adder skeletons (D:4)
  4 worms
  A dart slug (D:2)
  5 leopard geckos
  115 orcs
  2 ball pythons
  5 giant cockroaches
  7 goblins
  8 hobgoblins
  7 jackals
  5 kobolds
  9 quokkas
  6 bats
  3 frilled lizards
  A giant cockroach zombie (D:4)
  3 hobgoblin zombies (Ossuary)
  A jackal skeleton (D:4)
  2 jackal zombies
  3 kobold zombies (Ossuary)
  A leopard gecko skeleton (D:4)
  2 leopard gecko zombies (D:4)
  2 orc zombies (Ossuary)
  4 rats
  7 fungi
  9 plants
1373 creatures vanquished.

Vanquished Creatures (others)
  A deep elf master archer (Elf:3)
  3 naga sharpshooters
  A deep elf archer (Elf:2)
  A merfolk (Shoals:4)
  A naga (Snake:3)
  A centaur (Shoals:4)
  11 fungi
  3 plants
22 creatures vanquished.

Grand Total: 1395 creatures vanquished

Notes
Turn   | Place    | Note
-------+----------+-------------------------------------------
     0 | D:1      | Hennin the Minotaur Fighter began the quest for the Orb.
     0 | D:1      | Reached XP level 1. HP: 19/19 MP: 0/0
   252 | D:1      | Reached XP level 2. HP: 25/27 MP: 1/1
   544 | D:2      | Reached XP level 3. HP: 33/33 MP: 2/2
   675 | D:2      | Reached skill level 3 in Axes
   737 | D:2      | Reached skill level 1 in Dodging
   868 | D:2      | Found an iron altar of Okawaru.
   888 | D:2      | Reached XP level 4. HP: 32/40 MP: 2/4
   973 | D:2      | Became a worshipper of Warmaster Okawaru
  1281 | D:3      | Reached skill level 1 in Spellcasting
  1304 | D:3      | Found a hazy altar of Hepliaklqana.
  1305 | D:3      | Found a shimmering altar of Xom.
  1305 | D:3      | Noticed a yak
  1306 | D:3      | Noticed a yak
  1306 | D:3      | Noticed a spectral ugly thing
  1441 | D:3      | Noticed an ice beast
  1454 | D:3      | Killed an ice beast
  1454 | D:3      | Reached skill level 4 in Axes
  1454 | D:3      | Reached XP level 5. HP: 46/46 MP: 5/5
  2043 | D:3      | Noticed a necrophage
  2057 | D:3      | Killed a necrophage
  2057 | D:3      | Reached XP level 6. HP: 43/53 MP: 7/7
  2152 | D:3      | Found a bloodstained altar of Trog.
  2276 | D:3      | Reached * piety under Okawaru
  2406 | D:4      | Reached skill level 5 in Axes
  2832 | D:4      | Reached skill level 5 in Shields
  2832 | D:4      | Reached XP level 7. HP: 59/60 MP: 8/8
  3146 | D:4      | Reached skill level 5 in Fighting
  3182 | D:4      | Reached skill level 6 in Axes
  3182 | D:4      | Reached skill level 5 in Armour
  3530 | D:5      | Entered Level 5 of the Dungeon
  3596 | D:5      | Found a staircase to the Ecumenical Temple.
  3601 | D:5      | Reached ** piety under Okawaru
  3637 | Temple   | Entered the Ecumenical Temple
  3975 | D:5      | Found a hide-covered altar of Uskayaw.
  3975 | D:5      | Found a sacrificial altar of Ru.
  4202 | D:5      | Reached XP level 8. HP: 64/69 MP: 10/10
  4453 | D:6      | Found Bomulot's Distillery.
  4471 | D:6      | Bought a potion of curing for 33 gold pieces
  4471 | D:6      | Bought a potion of curing for 33 gold pieces
  4567 | D:6      | Reached skill level 7 in Axes
  4765 | D:6      | Noticed Blork the orc
  4790 | D:6      | Killed Blork the orc
  5270 | D:6      | Reached *** piety under Okawaru
  5278 | D:6      | Reached skill level 8 in Axes
  5278 | D:6      | Reached XP level 9. HP: 36/78 MP: 10/12
  5920 | D:6      | Found a deep blue altar of Sif Muna.
  6054 | D:7      | Reached **** piety under Okawaru
  6242 | D:7      | Found a glowing golden altar of the Shining One.
  6244 | D:7      | Reached skill level 5 in Dodging
  6270 | D:7      | Found a blossoming altar of Fedhas.
  6316 | D:7      | Found a sand-covered staircase.
  6333 | Ossuary  | Entered an ossuary
  6387 | Ossuary  | Reached skill level 9 in Axes
  7491 | D:8      | Reached XP level 10. HP: 78/85 MP: 14/14
  7496 | D:8      | Found a radiant altar of Vehumet.
  7616 | D:8      | Found a staircase to the Lair.
  7633 | D:8      | Reached ***** piety under Okawaru
  8350 | D:8      | Found a glowing silver altar of Zin.
  8351 | D:8      | Noticed an angel
  8505 | D:8      | Reached skill level 10 in Axes
  8627 | D:9      | Noticed Erica
  8642 | D:9      | Killed Erica
  9163 | D:9      | Noticed Hennin's ghost (novice MiFi)
  9175 | D:9      | Killed Hennin's ghost
  9175 | D:9      | Reached skill level 1 in Invocations
  9449 | D:9      | Found an ancient bone altar of Kikubaaqudgha.
  9785 | D:9      | Received a gift from Okawaru
 10019 | D:9      | Noticed a skeletal warrior
 10019 | D:9      | Noticed a skeletal warrior
 10023 | D:9      | Noticed a skeletal warrior
 10023 | D:9      | Noticed a skeletal warrior
 10042 | D:9      | Killed a skeletal warrior
 10042 | D:9      | Reached ****** piety under Okawaru
 10042 | D:9      | Reached skill level 11 in Axes
 10042 | D:9      | Reached XP level 11. HP: 61/95 MP: 16/16
 10047 | D:9      | Killed a skeletal warrior
 10060 | D:9      | Killed a skeletal warrior
 10068 | D:9      | Killed a skeletal warrior
 10470 | D:10     | Entered Level 10 of the Dungeon
 10482 | D:10     | Identified a -1 rod of ignition (11/11) (You found it on level 10 of the Dungeon)
 10570 | D:10     | Noticed a hill giant
 10575 | D:10     | Killed a hill giant
 11289 | D:10     | Noticed Nergalle
 11307 | D:10     | Killed Nergalle
 12099 | D:11     | Noticed Harold
 12117 | D:11     | Killed Harold
 12117 | D:11     | Reached skill level 12 in Axes
 12365 | D:11     | Received a gift from Okawaru
 12393 | D:11     | Found a labyrinth entrance.
 12401 | Lab      | Entered a labyrinth
 13164 | Lab      | Reached skill level 5 in Spellcasting
 13169 | Lab      | Reached XP level 12. HP: 77/106 MP: 18/18
 13439 | Lab      | Noticed a minotaur
 13445 | Lab      | Killed a minotaur
 13458 | Lab      | Identified Lom Lobon's Grimoire of Orientation
 13652 | D:11     | Reached skill level 10 in Fighting
 14050 | D:11     | Reached skill level 10 in Armour
 14065 | D:11     | Reached skill level 10 in Shields
 14456 | D:11     | Reached skill level 13 in Axes
 14557 | D:11     | Received a gift from Okawaru
 15206 | Lair:1   | Entered Level 1 of the Lair of Beasts
 15399 | Lair:1   | Gained mutation: Your flesh is cold resistant. (rC+) [potion of beneficial mutation]
 15625 | Lair:1   | Got an ancient quarterstaff
 15626 | Lair:1   | Identified the +4 quarterstaff of Liamin {flame, *Noise Int+3 SInv} (You found it on level 1 of the Lair of Beasts)
 16063 | Lair:1   | Reached skill level 5 in Invocations
 16279 | Lair:2   | Found a frozen archway.
 16297 | IceCv    | Entered an ice cave
 16297 | IceCv    | Noticed Arkorax's ghost (journeyman FoFi)
 16325 | IceCv    | Killed Arkorax's ghost
 16325 | IceCv    | Received a gift from Okawaru
 16325 | IceCv    | Reached XP level 13. HP: 74/114 MP: 20/20
 16667 | IceCv    | Got a heavily runed iron amulet
 16671 | IceCv    | Identified the amulet of Fosiamy {+Rage Dex+4} (You found it in an ice cave)
 16867 | Lair:2   | Noticed Fannar
 16874 | Lair:2   | Killed Fannar
 16976 | Lair:2   | Found a staircase to the Shoals.
 18119 | Lair:3   | Found a staircase to the Snake Pit.
 18130 | Lair:3   | Reached skill level 14 in Axes
 19820 | Lair:5   | Identified the Incunabulum of Earthen Talismans
 19852 | Lair:5   | Received a gift from Okawaru
 20654 | Lair:5   | Received a gift from Okawaru
 20657 | Lair:5   | Got an ebony war axe {god gift}
 20658 | Lair:5   | Identified the +9 war axe of Okawaru's Anger {holy, *Corrode rC+ Str+3} (Okawaru gifted it to you on level 5 of the Lair of Beasts)
 20771 | Lair:5   | Found a snail-covered altar of Cheibriados.
 21217 | Lair:6   | Entered Level 6 of the Lair of Beasts
 21256 | Lair:6   | Reached XP level 14. HP: 124/124 MP: 22/22
 21519 | Lair:6   | Reached skill level 15 in Axes
 21606 | Lair:6   | Noticed Hennin's ghost (journeyman MiFi)
 21632 | Lair:6   | Killed Hennin's ghost
 21853 | Lair:6   | Found a staircase to the Slime Pits.
 23431 | D:12     | Found a staircase to the Orcish Mines.
 23455 | D:12     | Identified a scroll of acquirement
 23458 | D:12     | Got an ancient hat
 23464 | D:12     | Identified the +0 hat "Huozue" {rC- MR++ Regen+ Dex-4} (You acquired it on level 12 of the Dungeon)
 23897 | D:12     | Received a gift from Okawaru
 24301 | D:13     | Reached skill level 10 in Dodging
 24425 | D:13     | Found a gate to the Vaults.
 24436 | D:13     | Noticed Maurice
 24437 | D:13     | Received a gift from Okawaru
 24443 | D:13     | Killed Maurice
 24588 | D:13     | Reached skill level 16 in Axes
 24735 | D:13     | Found Jogu's Antique Weapon Emporium.
 24937 | D:13     | Reached XP level 15. HP: 94/134 MP: 24/24
 26081 | D:14     | Found a sparkling altar of Nemelex Xobeh.
 26110 | D:15     | Entered Level 15 of the Dungeon
 26619 | D:15     | Received a gift from Okawaru
 27334 | D:15     | Found a staircase to the Depths.
 27608 | D:15     | Reached skill level 17 in Axes
 28042 | Orc:1    | Entered Level 1 of the Orcish Mines
 28044 | Orc:1    | Found Butz's Magic Scroll Emporium.
 28228 | Orc:1    | Bought a scroll of magic mapping for 52 gold pieces
 28228 | Orc:1    | Bought a scroll of magic mapping for 52 gold pieces
 28317 | Orc:1    | Noticed Snorg
 28332 | Orc:1    | Killed Snorg
 28755 | Orc:2    | Entered Level 2 of the Orcish Mines
 28755 | Orc:2    | Noticed an orc warlord
 28772 | Orc:2    | Killed an orc warlord
 29207 | Orc:1    | Found Heegutow's Antique Weapon Emporium.
 29225 | Orc:1    | Received a gift from Okawaru
 29539 | Orc:2    | Found a staircase to the Elven Halls.
 30378 | Orc:2    | Reached XP level 16. HP: 144/144 MP: 26/26
 30393 | Orc:2    | Gained mutation: You are partially covered in thin metallic scales. (AC +2) [a neqoxec]
 30843 | Orc:2    | Found Napnueq's Food Boutique.
 30846 | Orc:2    | Found Ryxul's Jewellery Boutique.
 30847 | Orc:2    | Found Rikeg's Distillery.
 30848 | Orc:2    | Found Fiaral's Distillery.
 30862 | Orc:2    | Bought the amulet "Qioph" {Reflect *Contam MR++ Dex+5 SH+5} for 634 gold pieces
 30866 | Orc:2    | Bought a potion of berserk rage for 85 gold pieces
 30866 | Orc:2    | Bought a potion of berserk rage for 85 gold pieces
 30866 | Orc:2    | Bought a potion of magic for 136 gold pieces
 30866 | Orc:2    | Bought a potion of agility for 68 gold pieces
 30866 | Orc:2    | Bought 2 potions of heal wounds for 170 gold pieces
 30866 | Orc:2    | Bought a potion of heal wounds for 85 gold pieces
 30866 | Orc:2    | Bought a potion of curing for 51 gold pieces
 30866 | Orc:2    | Bought a potion of heal wounds for 85 gold pieces
 30866 | Orc:2    | Bought a potion of haste for 170 gold pieces
 30866 | Orc:2    | Bought a potion of might for 68 gold pieces
 30866 | Orc:2    | Bought a potion of haste for 170 gold pieces
 30870 | Orc:2    | Bought a potion of might for 56 gold pieces
 31353 | Snake:1  | Entered Level 1 of the Snake Pit
 31581 | Snake:1  | Received a gift from Okawaru
 31587 | Snake:1  | Got a dazzling war axe {god gift}
 31588 | Snake:1  | Identified the +9 war axe of Qomouw {flame, rF+ MR+} (Okawaru gifted it to you on level 1 of the Snake Pit)
 32933 | Shoals:1 | Entered Level 1 of the Shoals
 33658 | Shoals:2 | Reached skill level 18 in Axes
 33696 | Shoals:2 | Received a gift from Okawaru
 34204 | Shoals:2 | Got a slimy buckler
 34216 | Shoals:2 | Learned a level 8 spell: Necromutation
 34221 | Shoals:2 | Identified the +2 buckler of the Pits of Slime {rElec MR+ rCorr} (You found it on level 2 of the Shoals)
 34887 | Shoals:3 | Noticed Polyphemus
 34903 | Shoals:3 | Killed Polyphemus
 34926 | Shoals:3 | Noticed Donald
 34934 | Shoals:3 | Killed Donald
 35857 | Shoals:3 | Reached XP level 17. HP: 126/152 MP: 28/28
 36256 | Elf:1    | Entered Level 1 of the Elven Halls
 36269 | Elf:1    | Received a gift from Okawaru
 37265 | Elf:2    | Received a gift from Okawaru
 37274 | Elf:2    | Got a spiked cloak {god gift}
 37285 | Elf:2    | Identified the +0 cloak of Experimentation {-Cast rF+ Int+3 Stlth+} (Okawaru gifted it to you on level 2 of the Elven Halls)
 37343 | Elf:2    | Reached skill level 10 in Invocations
 37515 | Elf:2    | Found Emopn's Book Shop.
 37543 | Elf:2    | Reached skill level 19 in Axes
 37675 | Elf:2    | Found a runed gate.
 37675 | Elf:2    | Found a runed gate.
 37676 | Elf:2    | Found a runed gate.
 37771 | Elf:2    | Noticed a deep elf blademaster
 37787 | Elf:2    | Killed a deep elf blademaster
 38921 | Elf:2    | Received a gift from Okawaru
 39004 | Elf:2    | Got a twisted war axe {god gift}
 39005 | Elf:2    | Identified the +5 war axe of Reinforcement {freeze, Int+5 Stlth+} (Okawaru gifted it to you on level 2 of the Elven Halls)
 39010 | Elf:3    | Entered Level 3 of the Elven Halls
 39087 | Elf:3    | Reached XP level 18. HP: 160/161 MP: 29/29
 40027 | Elf:3    | Received a gift from Okawaru
 40060 | Elf:3    | Reached skill level 20 in Axes
 40069 | Elf:3    | HP: 8/162 [deep elf annihilator/iron shot (41)]
 40527 | Elf:3    | Reached skill level 15 in Shields
 40571 | Elf:3    | Reached skill level 15 in Fighting
 40584 | Elf:3    | HP: 3/163 [deep elf elementalist/freezing blast (24)]
 41166 | Elf:3    | Received a gift from Okawaru
 41175 | Elf:3    | Got a wavering copper ring
 41176 | Elf:3    | Identified the ring "Leuff" {rF+ EV+3} (You took it off a deep elf mage on level 3 of the Elven Halls)
 41316 | Elf:3    | Received a gift from Okawaru
 41369 | Elf:3    | Noticed a Hell Sentinel
 41599 | Elf:3    | Got a crude lajatang {vamp}
 41643 | Elf:3    | Identified the +5 lajatang of Valour {vamp, *Noise Dex+6 SInv} (You took it off a deep elf annihilator on level 3 of the Elven Halls)
 41890 | Elf:3    | Reached skill level 15 in Armour
 41905 | Elf:3    | Noticed a Brimstone Fiend
 41916 | Elf:3    | Received a gift from Okawaru
 42147 | Elf:3    | Learned a level 1 spell: Apportation
 42162 | Elf:3    | Learned a level 3 spell: Regeneration
 42169 | Elf:3    | Identified the Papyrus of Boosting Venom
 42179 | Elf:3    | Identified Goomoes's Grimoire of Shifting Ice
 42215 | Elf:3    | Learned a level 3 spell: Mephitic Cloud
 42221 | Elf:3    | Learned a level 5 spell: Irradiate
 42280 | Elf:3    | Got a smoking bone ring
 42281 | Elf:3    | Identified the ring of the Curious Places {rCorr Str+3} (You took it off a deep elf sorcerer on level 3 of the Elven Halls)
 42690 | Depths:1 | Entered Level 1 of the Depths
 42708 | D:15     | Upgraded the game from 0.19-a0-1686-g35356ef to 0.19-a0-1692-g68728bb
 43246 | Snake:2  | Reached XP level 19. HP: 120/170 MP: 31/31
 43654 | Snake:2  | Got a brightly glowing buckler
 43665 | Snake:2  | Identified the +0 buckler of Saazebb {+Fly rF- MR+ Int+2} (You acquired it on level 2 of the Snake Pit)
 43957 | Snake:3  | Found Faec Ceu's Jewellery Boutique.
 43957 | Snake:3  | Found Irylas's Jewellery Shop.
 43971 | Snake:3  | Reached skill level 21 in Axes
 44174 | Snake:3  | Received a gift from Okawaru
 44335 | Snake:3  | Noticed Roxanne
 44366 | Snake:3  | Killed Roxanne
 44368 | Snake:3  | Identified Roxanne's Collected Works on Transmigration (You took it off Roxanne on level 3 of the Snake Pit)
 44576 | Snake:3  | Identified a +2 rod of shadows (14/14) (You found it on level 3 of the Snake Pit)
 44665 | Snake:4  | Entered Level 4 of the Snake Pit
 45540 | Snake:4  | Reached skill level 22 in Axes
 46187 | Snake:4  | Got a serpentine rune of Zot
 46617 | Shoals:4 | Entered Level 4 of the Shoals
 46721 | Shoals:4 | Noticed Nikola
 46743 | Shoals:4 | Noticed Kirke
 46768 | Shoals:4 | HP: 8/172 [water nymph/the raging water (35)]
 46769 | Shoals:4 | Killed from afar by a water nymph

Vault maps used:
D:1:      lightli_arrival_isolated_outpost
D:2:      okawaru_gym_becter
D:3:      regret_index_temple_of_mockery, bloody_trog,
          hangedman_decor_diamond_cutter, minmay_liquid_box
D:4:      serial_undead, serial_undead_d, serial_undead_b, serial_undead_b,
          serial_undead_a, serial_undead_e, serial_undead_b, serial_undead_e,
          first_bread, minivault_4
D:5:      gammafunk_temple_overflow_wave
D:6:      lemuel_coloured_pillars_altar, serial_shops, shop, centaur_isle,
          uniq_blork_the_orc
D:7:      tso_oasis_becter, kennysheep_little_box, enter_ossuary_3
D:8:      lemuel_slime, zin_angel, overflow_temple_1_default, lair_0_dummy,
          the_bakery
D:9:      overflow_temple_1_default, uniq_erica
D:10:     minmay_misc_feat_alley, uniq_nergalle
D:11:     lab_entry_generic, uniq_harold
D:12:     orc_0_dummy, kennysheep_opposing_triangles
D:13:     erik_vaults_2, serial_shops, nicolae_shop_crystal,
          hangedman_decor_riveting, kennysheep_generic_room_12, uniq_maurice
D:14:     minmay_strange_pillars, david_defended_altar_elf
D:15:     grunt_enter_depths_magical_seal, minivault_23, minivault_7
Temple:   eino_wide_crystal_templ
Lair:1:   infiniplex_staircase_pool
Lair:2:   shoals_dummy_entry, portal_ice_cave_rime, uniq_fannar
Lair:3:   guppyfry_snake_entry_garden, serial_bayou_pond_d, lemuel_fruit_fields
Lair:4:   beast_lair_carwin_11
Lair:5:   basic_altar
Lair:6:   grunt_lair_end_beastmaster, nicolae_slime_entry_slimehenge
Shoals:2: nicolae_shoals_isolated_beach
Shoals:3: uniq_polyphemus, uniq_donald
Shoals:4: shoals_end_simple, shoals_ilsuiw_alternative, ldierk_geyser,
          uniq_kirke, uniq_nikola, uniq_bai_suzhen
Snake:2:  grunt_megastairs_4, lemuel_fruit_tree
Snake:3:  basic_stair_grate_trap, minmay_shoptagon, uniq_roxanne
Snake:4:  minmay_snake_end_coiled, stair_cage_line, st_stairs_12,
          nicolae_snake_serpentine_hallways
Orc:1:    serial_shops, nicolae_shop_crystal, nicolae_shop_statue_plus,
          uniq_snorg
Orc:2:    st_orc_pillars
Elf:1:    eino_elf_arrival_sip, kennysheep_underground_church
Elf:2:    serial_shops, shop
Elf:3:    minmay_elf_hall_four_x
Depths:1: nicolae_ashenzari_panopticon, hell_entry, pan_entry, abyss_entry,
          st_stairs_11, sword_in_stone, firewood_loft
Lab:      nicolae_lab_dead_adventurers, labyrinth_skeletal_remains,
          lab_fountain, nicolae_lab_blocks, nicolae_lab_swirl, nicolae_lab_plus,
          nicolae_lab_garden
Ossuary:  ossuary_tomb_3
IceCv:    ice_cave_statue_garden_teleport

Skill      XL: |  1  2  3  4  5  6  7  8  9 10 11 12 13 14 15 16 17 18 19 |
---------------+----------------------------------------------------------+-----
Axes           | 3 4 5 6 8 9 11 12 13 14 16 17 18 19 20 22 | 22.2
Dodging        | 1 2 3 4 5 6 7 8 9 10 11 12 13 14 | 14.0
Fighting       | 4 5 6 7 8 9 10 11 12 13 14 15 | 15.9
Armour         | 4 5 6 7 8 9 10 11 12 13 14 15 | 15.8
Spellcasting   | 1 2 3 4 5 6 7 8 9 |  9.9
Shields        | 4 5 6 7 8 9 10 11 12 13 14 15 16 | 16.0
Invocations    | 1 3 5 6 7 8 9 10 | 10.0

Action                   |  1- 3 |  4- 6 |  7- 9 | 10-12 | 13-15 | 16-18 | 19-21 || total
-------------------------+-------+-------+-------+-------+-------+-------+-------++-------
Melee: War axe           |    76 |   177 |   417 |   503 |       |       |    16 ||  1189
       Headbutt          |     9 |    25 |    80 |   178 |   242 |   278 |   112 ||   924
       Broad axe         |       |       |       |   330 |  1117 |  1338 |   404 ||  3189
       Scimitar          |       |       |       |       |     7 |       |       ||     7
Invok: Finesse           |       |       |       |     2 |     2 |     1 |     1 ||     6
       Heroism           |       |       |       |     2 |       |     1 |     1 ||     4
Evoke: Wand              |       |       |     1 |     1 |     1 |     3 |       ||     6
       Rod               |       |       |       |       |       |       |     3 ||     3
  Use: Scroll            |     6 |     4 |    11 |     7 |    16 |    16 |     8 ||    68
       Potion            |       |       |     5 |    15 |     7 |    23 |     4 ||    54
 Stab: Sleeping          |       |       |       |       |    10 |     7 |     4 ||    21
       Distracted        |       |       |       |       |     1 |     1 |       ||     2
       Petrifying        |       |       |       |       |       |     1 |       ||     1
  Eat: Chunk             |       |     6 |    13 |    18 |    31 |    28 |     5 ||   101
       Royal jelly       |       |       |     2 |       |     1 |     6 |       ||     9
       Fruit             |       |       |       |     5 |    10 |     5 |     7 ||    27
       Bread ration      |       |       |       |     2 |       |       |       ||     2
       Beef jerky        |       |       |       |     1 |     2 |     1 |     1 ||     5
       Meat ration       |       |       |       |     1 |       |       |       ||     1
       Pizza             |       |       |       |       |     1 |       |       ||     1
Armor: Scale mail        |    42 |    82 |    75 |       |       |       |       ||   199
       Chain mail        |       |       |   112 |   227 |    23 |       |       ||   362
       Shadow dragon arm |       |       |       |       |   314 |   357 |    82 ||   753
Dodge: Dodged            |    26 |    59 |   124 |   192 |   359 |   407 |   183 ||  1350
Block: Shield            |    35 |    94 |   260 |   362 |   600 |   308 |       ||  1659
       Buckler           |       |       |       |       |       |   372 |   241 ||   613
       Reflection        |       |       |       |       |       |    44 |    54 ||    98
